 Dungeon Crawl Stone Soup version 0.24.0-13-gcf9b319 (webtiles) character file.

Game seed: 14305342635875053421, levelgen mode: deterministic

36 Fortress the Skirmisher (level 3, -8/31 HPs)
             Began as a Demonspawn Abyssal Knight on Jan 14, 2020.
             Was a Follower of Lugonu.
             Killed from afar by Sigmund (10 damage)
             ... with a magic dart
             ... on level 2 of the Dungeon.
             The game lasted 00:08:02 (1511 turns).

Fortress the Skirmisher (Demonspawn Abyssal Knight) Turns: 1511, Time: 00:08:02

Health: -8/31      AC:  4    Str: 13    XL:     3   Next: 19%
Magic:  4/4        EV: 11    Int: 11    God:    Lugonu [*.....]
Gold:   116        SH:  0    Dex: 12    Spells: 2/2 levels left

rFire    + . .     SeeInvis .   a - +1 falchion
rCold    . . .     Gourm    .   (no shield)
rNeg     . . .     Faith    .   b - +0 leather armour
rPois    .         Spirit   .   (no helmet)
rElec    +         Reflect  .   g - +0 cloak
rCorr    .         Harm     .   (no gloves)
MR       .....                  (no boots)
Stlth    +.........             (no amulet)
HPRegen  0.10/turn              (no ring)
MPRegen  0.09/turn              (no ring)

@: flying
A: dopey 1, fire resistance 1, robust 1, electricity resistance
a: Depart the Abyss, Renounce Religion


You were on level 2 of the Dungeon.
You worshipped Lugonu.
Lugonu was aware of your devotion.
You were not hungry.

You visited 1 branch of the dungeon, and saw 2 of its levels.
You visited the Abyss 1 time.

You collected 116 gold pieces.

Inventory:

Hand Weapons
 a - a +1 falchion (weapon)
 i - a +2 dagger of protection
Armour
 b - a +0 leather armour (worn)
 g - a +0 cloak (worn)
Scrolls
 e - a scroll of teleportation
 h - 2 scrolls of identify {unknown}
 k - a scroll of blinking {unknown}
 l - a scroll of enchant weapon {unknown}
Potions
 d - a potion of mutation
Comestibles
 c - 5 rations
 j - a chunk of flesh


   Skills:
 + Level 3.6 Fighting
 + Level 2.2 Long Blades
 + Level 2.2 Armour
 + Level 1.0 Dodging
 + Level 2.6 Invocations


You had 2 spell levels left.
You didn't know any spells.
Your spell library was empty.

Dungeon Overview and Level Annotations

Branches:
Dungeon (2/15)

Altars:
Hepliaklqana

Annotations:
D:2 Sigmund


Innate Abilities, Weirdness & Mutations

Your flesh is heat resistant. (rF+)
You are dopey. (Int -2)
You are robust. (+10% HP)
You are resistant to electric shocks. (rElec)


Message History

The bat hits you but does no damage. The bat barely misses you.
You hit the bat but do no damage. The bat barely misses you.
Sigmund says, "Your kind have come here before.
I understand now why.
You desire death..."
Sigmund hits you but does no damage. The bat barely misses you.
The bat misses you. The bat hits you but does no damage. The bat hits you.
* * * LOW HITPOINT WARNING * * *
You hit the bat.
The bat is severely wounded.
The bat hits you but does no damage. The bat hits you but does no damage. x2
You hit the bat.
You kill the bat!
Lugonu accepts your kill. Sigmund casts a spell at you.
The magic dart hits you!
You die...

... #.#.# #.# #.#####
#.#####.....#
#.##...g###.# # #
#.##.##g###.# .#.
###.##.#@..##†### #.#
#........_......# #.#
#.###.##...#.##.#######.#
#.# #.###@##.##.........#
#.# #.# #....############
#.# #.. ..####
#.#######.# #....)).#..
##########.#####..#
##..........)......#
...#.#####..#####.##
####.# ##..#


You could see Sigmund and 2 hobgoblins.

Vanquished Creatures
  An ooze (D:2)
  A dart slug (D:1)
  6 goblins
  5 hobgoblins
  7 bats
  2 frilled lizards
  5 kobolds (D:1)
  A rat (D:1)
28 creatures vanquished.

Notes
Turn   | Place    | Note
-------+----------+-------------------------------------------
     0 | Abyss:1  | Fortress the Demonspawn Abyssal Knight began the quest for
                  | the Orb.
     0 | Abyss:1  | Reached XP level 1. HP: 18/18 MP: 2/2
    40 | Abyss:1  | Found an opulent altar of Gozag.
    75 | Abyss:1  | Found an opulent altar of Gozag.
   157 | Abyss:1  | Noticed a small abomination
   159 | Abyss:1  | Noticed a large abomination
   160 | D:1      | Escaped the Abyss
   455 | D:1      | Gained mutation: Your flesh is heat resistant. (rF+)
                  | [demonic ancestry]
   455 | D:1      | Reached XP level 2. HP: 24/24 MP: 3/3
   901 | D:1      | Reached * piety under Lugonu
   901 | D:1      | Reached skill level 1 in Dodging
  1417 | D:2      | Reached XP level 3. HP: 23/29 MP: 4/4
  1428 | D:2      | Found a hazy altar of Hepliaklqana.
  1481 | D:2      | Noticed Sigmund
  1488 | D:2      | Gained mutation: You are robust. (+10% HP) [potion of
                  | mutation]
  1488 | D:2      | Gained mutation: You are dopey. (Int -2) [potion of
                  | mutation]
  1488 | D:2      | Gained mutation: You are resistant to electric shocks.
                  | (rElec) [potion of mutation]
  1499 | D:2      | HP: 1/31 [Sigmund/+0 scythe (2)]
  1507 | D:2      | HP: 1/31 [bat (1)]
  1511 | D:2      | Killed from afar by Sigmund

Levels and vault maps discovered:
D:1:      dpeg_arrival_short_road, layout_basic
D:2:      layout_loops_ring, nicolae_overflow_crystal_walls, uniq_sigmund

Skill      XL: |  1  2 |
---------------+-------+-----
Long Blades    | 2 |  2.2
Armour         | 2 |  2.2
Dodging        | 1 |  1.0
Fighting       | |  3.6
Invocations    | |  2.6

Action                   || total
-------------------------++-------
Melee: Falchion          ||    72
Invok: Depart the Abyss  ||     1
  Use: Scroll            ||     2
       Potion            ||     2
  Eat: Chunk             ||     2
Armor: Leather armour    ||    37
Dodge: Dodged            ||    67
       Rpst.: Falchion   ||    18
